Map: Proxima Station LE

Players

ArchangeL

  • Race: Terran Terran
  • Spawn Location: 1:00

Elroye - Winner!

  • Race: Zerg Zerg
  • Spawn Location: 7:00

Event: WCS Valencia 2017

VOD

Have the link to the VOD?

Description

Time

  • Played on: July 13, 2017, 8:37 a.m.
  • Length: 14:10

All games in this series

Show
View Real Time Build Order
Export as new Build Order

ArchangeL Terran 

Build Orders: MMM Bio 

Get SALT Encoding   

  12  0:00  SCV  
  13  0:13  SCV  
  14  0:17  Supply Depot  
  14  0:25  SCV  
  15  0:39  SCV  
  15  0:40  Barracks  
  16  0:43  Refinery  
  16  0:51  SCV  
  17  1:00  Barracks  
  17  1:04  SCV  
  18  1:16  SCV, Refinery  
  19  1:28  Barracks Reactor  
  19  1:35  Orbital Command  
  19  1:47  Barracks Reactor  
  19  1:53  Supply Depot  
  19  2:00  SCV  
  20  2:05  Reaper x2  
  22  2:13  SCV  
  23  2:23  Supply Depot  
  23  2:24  Reaper  
  23  2:25  Reaper  
  23  2:27  SCV  
  26  2:37  Reaper  
  26  2:38  Reaper  
  26  2:39  SCV  
  29  2:53  SCV  
  30  3:01  Reaper x2  
  32  3:10  Command Center  
  32  3:14  Reaper  
  32  3:16  Reaper  
  32  3:18  SCV  
  35  3:31  SCV  
  35  3:33  Reaper x2  
  38  3:36  Supply Depot  
  38  3:43  SCV  
  39  3:50  Supply Depot  
  39  3:57  SCV, Reaper  
  41  4:09  SCV, Command Center  
  42  4:19  Reaper  
  42  4:20  Reaper  
  42  4:21  SCV  
  45  4:26  Orbital Command  
  45  4:34  SCV  
  46  4:46  SCV  
  46  4:47  Barracks  
  46  4:48  Marine x2  
  46  4:51  SCV  
  50  4:58  SCV  
  51  5:04  SCV  
  48  5:15  SCV  
  48  5:17  SCV  
  48  5:18  Engineering Bay  
  48  5:19  Marine x2, Engineering Bay, Refinery  
  48  5:20  Marine x2  
  54  5:25  Orbital Command  
  54  5:27  SCV  
  55  5:36  SCV  
  55  5:37  Marine  
  55  5:38  Barracks Tech Lab, Refinery  
  55  5:40  Marine  
  55  5:41  Marine x2  
  60  5:45  SCV  
  60  5:46  Terran Infantry Armor Level 1  
  60  5:48  SCV  
  62  5:55  Marine  
  62  6:02  Terran Infantry Weapons Level 1  
  62  6:03  Marine  
  62  6:04  Stimpack  
  62  6:05  SCV x2, Orbital Command, Factory  
  62  6:07  Marine x2  
  62  6:09  Marine  
  67  6:13  Marine  
  67  6:17  SCV  
  67  6:18  SCV  
  70  6:21  Marine  
  70  6:25  Marine  
  72  6:30  SCV x2, Marine  
  72  6:31  Barracks  
  72  6:32  Marine, Barracks  
  76  6:40  Marine x2  
  76  6:42  SCV  
  76  6:43  Marine  
  76  6:44  SCV x2  
  82  6:48  Marine  
  82  6:50  Marine  
  82  6:53  Starport, Factory Reactor  
  84  6:56  SCV, Armory  
  85  7:12  Supply Depot  
  85  7:17  Supply Depot  
  85  7:19  Supply Depot  
  85  7:20  Barracks Reactor x2  
  85  7:21  Marine x5  
  85  7:22  SCV x3  
  93  7:34  SCV  
  83  7:39  Marine x5, SCV, Supply Depot  
  83  7:40  SCV, Supply Depot  
  90  7:44  Factory Reactor, Supply Depot  
  90  7:46  SCV  
  90  7:48  Medivac  
  93  7:51  Terran Infantry Armor Level 2, SCV  
  93  7:55  SCV  
  93  7:57  Marine x3  
  98  7:58  Supply Depot  
  98  7:59  SCV  
  98  8:01  Marine  
  98  8:03  Marine, Supply Depot  
  101  8:07  Terran Infantry Weapons Level 2  
  101  8:09  Marine  
  101  8:11  Medivac  
  104  8:13  Combat Shields  
  104  8:19  Marine x4  
  108  8:21  Medivac  
  108  8:26  Missile Turret  
  110  8:28  Missile Turret x2  
  110  8:29  Terran Vehicle And Ship Armor Level 1  
  110  8:32  SCV  
  111  8:38  Marine x7  
  111  8:39  Marine  
  111  8:40  SCV  
  120  8:44  Widow Mine x2  
  120  8:48  SCV  
  124  8:50  Medivac  
  124  8:52  Marine  
  126  8:56  Marine x3  
  126  8:58  Factory  
  129  9:09  Marine x5  
  131  9:10  Marine  
  131  9:11  Missile Turret  
  131  9:14  Marine x3  
  138  9:19  Widow Mine x2  
  142  9:27  Marine x4  
  142  9:28  Marauder  
  148  9:37  Marine  
  148  9:38  Marine x3  
  145  9:39  Medivac  
  145  9:45  Marine x4  
  123  9:48  Medivac, Widow Mine x2  
  123  9:49  Marauder, Supply Depot x2  
  123  9:52  Factory Tech Lab  
  131  9:55  Marine  
  131  9:56  Marine x3  
  134  10:02  Marine  
  124  10:09  Medivac  
  124  10:13  Marine x2  
  124  10:14  Thor, Marine x5, Supply Depot  
  132  10:15  Marauder  
  132  10:16  Widow Mine  
  132  10:18  Medivac  
  137  10:26  Marine  
  101  10:30  Marine  
  101  10:31  Marine  
  101  10:32  Marine x4  
  101  10:35  Marine  
  93  10:36  Marauder  
  93  10:39  Medivac  
  93  10:43  Marine  
  93  10:48  Marine x2  
  86  10:50  Marine x4  
  86  10:53  Marine  
  81  10:58  Marauder  
  81  11:01  Marine  
  84  11:07  Orbital Command  
  80  11:14  Marine x4  
  80  11:15  SCV  
  85  11:19  Marauder  
  85  11:21  Marine x4  
  91  11:31  Marine  
  92  11:33  SCV  
  92  11:34  SCV  
  92  11:36  Marine x3  
  92  11:39  Marine  
  98  11:40  Marauder  
  98  11:41  Widow Mine x2  
  98  11:42  Marine  
  105  11:49  Marine x3  
  105  11:50  SCV  
  105  11:51  SCV  
  105  11:53  Marine  
  111  11:56  Supply Depot  
  111  12:09  SCV  
  111  12:13  SCV, Supply Depot  
  113  12:23  Marine  
  114  12:34  Marine x6, Command Center  
  103  12:51  Marine x3, Widow Mine x2  
  89  12:52  Marine x2, Medivac  
  89  12:53  SCV x2  
  101  13:04  Marine x4  
  105  13:08  SCV x2, Marine  
  80  13:20  Marine x2, SCV  
  80  13:24  Marine  
  80  13:25  Marine  
  80  13:26  Marine x5, Widow Mine x2  
  69  13:38  Marine  
  54  13:42  Marine  
  54  13:43  Marine  
  54  13:44  Marauder, Marine  
  54  13:45  Marine x2  
Show
View Real Time Build Order
Export as new Build Order

Elroye Zerg - Winner!

Build Orders: Pool First, Muta Ling Bane 

Get SALT Encoding   

  12  0:00  Drone  
  13  0:13  Overlord  
  13  0:17  Drone  
  14  0:31  Drone  
  14  0:32  Drone  
  16  0:37  Drone  
  17  0:43  Extractor  
  17  0:45  Drone  
  17  0:51  Spawning Pool  
  17  0:56  Drone  
  17  1:15  Hatchery  
  16  1:26  Drone x2  
  18  1:36  Drone  
  18  1:38  Queen  
  21  1:45  Metabolic Boost  
  21  1:53  Overlord  
  21  1:57  Zergling x2  
  22  2:13  Drone x2  
  24  2:16  Queen  
  26  2:23  Drone  
  26  2:27  Queen  
  26  2:28  Drone  
  30  2:33  Zergling x2  
  31  2:39  Zergling x2  
  31  2:44  Zergling x2  
  33  2:46  Drone  
  33  2:47  Drone  
  33  2:48  Overlord  
  36  2:51  Zergling x2  
  36  3:06  Queen x2  
  36  3:08  Drone  
  36  3:11  Zergling x2  
  42  3:23  Drone x2  
  44  3:33  Hatchery  
  43  3:36  Drone  
  43  3:37  Overlord  
  44  3:48  Overlord  
  44  3:56  Drone x2  
  44  3:59  Drone  
  44  4:00  Zergling x8  
  50  4:17  Drone  
  50  4:18  Drone x4  
  50  4:19  Drone x3  
  58  4:25  Drone  
  58  4:28  Evolution Chamber  
  58  4:30  Evolution Chamber, Queen  
  59  4:42  Overlord x2  
  59  4:43  Extractor  
  59  4:45  Queen  
  60  4:46  Drone  
  60  4:47  Drone x2  
  60  4:48  Zergling x2  
  64  4:55  Drone  
  64  4:56  Overlord  
  59  5:16  Zergling x4  
  59  5:17  Zergling x6  
  59  5:19  Drone x5  
  69  5:22  Zerg Ground Armor Level 1, Zerg Melee Weapons Level 1  
  69  5:26  Zergling x8  
  73  5:36  Drone x3  
  73  5:39  Lair  
  73  5:40  Drone  
  73  5:41  Extractor  
  76  5:43  Drone  
  76  5:48  Baneling Nest  
  76  6:04  Drone x2  
  78  6:06  Drone x3  
  78  6:07  Drone x2  
  78  6:10  Drone x3  
  87  6:11  Zergling x4  
  87  6:12  Extractor  
  87  6:16  Drone x2  
  89  6:20  Overlord  
  89  6:31  Hatchery  
  89  6:32  Drone x2  
  88  6:45  Drone x3  
  88  6:46  Extractor, Spire, Drone  
  90  6:50  Extractor, Baneling x3  
  90  6:51  Baneling x2  
  90  6:52  Centrifical Hooks  
  89  6:55  Drone x4  
  89  6:57  Zergling x10  
  89  7:00  Overseer  
  89  7:01  Overlord  
  98  7:17  Overlord x2  
  98  7:19  Zerg Melee Weapons Level 2  
  98  7:22  Overlord  
  98  7:23  Overlord  
  98  7:29  Hatchery  
  96  7:39  Drone x4  
  96  7:40  Drone  
  96  7:41  Drone  
  96  7:42  Drone  
  103  7:45  Zergling x4  
  103  7:46  Queen  
  103  7:47  Overlord  
  107  7:53  Zerg Ground Armor Level 2  
  107  7:57  Mutalisk x2  
  107  7:58  Mutalisk x3  
  117  8:00  Zergling x2  
  117  8:01  Zergling x8  
  122  8:06  Baneling x3  
  122  8:07  Drone  
  123  8:19  Spore Crawler, Mutalisk x2  
  126  8:22  Drone x2  
  126  8:23  Overlord  
  126  8:24  Spore Crawler  
  127  8:27  Zergling x16  
  127  8:28  Zergling x6  
  127  8:31  Baneling x2  
  127  8:32  Baneling  
  138  8:38  Mutalisk x3  
  142  8:43  Zergling x2  
  142  8:44  Zergling x6  
  146  8:51  Mutalisk x2  
  146  8:54  Drone x2  
  152  8:55  Queen  
  152  8:58  Drone x2  
  152  9:02  Zergling x2  
  157  9:03  Zergling x16  
  157  9:04  Baneling  
  157  9:05  Baneling x8  
  157  9:08  Baneling x3  
  163  9:19  Mutalisk  
  163  9:21  Overlord x2  
  163  9:22  Overlord x2  
  165  9:26  Spore Crawler, Hatchery  
  155  9:42  Baneling  
  155  9:46  Baneling x7  
  155  9:47  Baneling x6, Zergling x4  
  155  9:48  Zergling x34  
  174  9:53  Infestation Pit  
  173  10:00  Baneling x7  
  173  10:02  Zergling x16  
  175  10:09  Baneling  
  175  10:10  Baneling x10  
  175  10:11  Zergling x2  
  175  10:12  Zergling x6  
  164  10:26  Mutalisk x2  
  156  10:29  Zergling x22  
  143  10:46  Zergling x2  
  143  10:47  Zergling x14  
  140  10:52  Hive  
  127  11:00  Mutalisk x4  
  116  11:15  Mutalisk  
  116  11:16  Mutalisk x2  
  116  11:18  Zergling x22  
  120  11:19  Zergling x4  
  120  11:22  Queen  
  120  11:23  Zergling x8  
  134  11:39  Zergling x24  
  146  11:40  Baneling x8  
  146  11:41  Baneling x9  
  146  11:46  Zergling x6  
  149  11:47  Overseer  
  149  11:49  Pneumatized Carapace  
  149  11:51  Extractor, Zergling x6  
  149  11:53  Overlord  
  152  11:54  Zergling x8  
  152  11:55  Zergling x2  
  152  11:57  Zergling x10  
  152  11:59  Zergling x2  
  152  12:00  Zergling x8  
  166  12:02  Baneling x6  
  166  12:03  Baneling  
  166  12:04  Baneling x2, Zergling x2  
  166  12:08  Overseer  
  167  12:10  Zergling x4  
  167  12:11  Zergling x6  
  173  12:15  Zergling x2  
  173  12:21  Zergling x18, Ultralisk Cavern  
  181  12:27  Zergling x4  
  181  12:28  Zergling x6  
  154  12:50  Zergling x10  
  154  12:51  Zergling x24  
  158  12:53  Baneling x9  
  158  12:57  Zergling x16  
  158  12:58  Zergling x10  
  171  13:01  Baneling x5  
  171  13:02  Baneling x4  
  171  13:05  Zergling x4  
  149  13:20  Zergling x14  
  149  13:21  Zergling x10  
  149  13:24  Baneling  
  149  13:25  Baneling x8  
  157  13:27  Ultralisk  
  153  13:38  Zergling x10  
  153  13:39  Zergling x18  
Tags
 
Add a new tag
Caveats
  • Supply blocks, unpowered buildings, or Contaminate may cause inaccurate times.
  • Supply counts are checked every 10 seconds.